Map: Prion Terraces

Players

Miszu

  • Race: Terran Terran
  • League: Master

A.I. 1 (Very Easy)

  • Race: Protoss Protoss

VOD

Have the link to the VOD?

Description

Time

  • Played on: April 7, 2016, 12:22 p.m.
  • Length: 2:40
Show
View Real Time Build Order
Export as new Build Order

Miszu Terran 

Build Orders: MMM Bio, Banshee Rush 

Get SALT Encoding   

  12  0:00  Cloaking Field, Terran Infantry Armor Level 1, Zerg Melee Weapons Level 2, Enduring Locusts, Protoss Ground Armor Level 1, Terran Infantry Weapons Level 1, Terran Ship Weapons Level 1, Centrifical Hooks, Zerg Flyer Weapons Level 3, Terran Infantry Armor Level 2, Protoss Air Armor Level 3, Metabolic Boost, Durable Materials, Building Armor, Terran Vehicle Armor Level 1, Terran Vehicle Armor Level 2, Zerg Flyer Armor Level 2, Terran Vehicle Weapons Level 3, Zerg Missile Weapons Level 3, Protoss Ground Weapons Level 2, Infernal Pre-Igniter, Extended Thermal Lance, Zerg Ground Armor Level 1, Zerg Ground Armor Level 3, Terran Ship Armor Level 3, Zerg Melee Weapons Level 1, Neural Parasite, Protoss Ground Armor Level 3, Zerg Flyer Armor Level 3, Protoss Ground Weapons Level 3, Protoss Air Weapons Level 2, Terran Vehicle Weapons Level 1, Protoss Ground Armor Level 2, Protoss Air Weapons Level 3, Terran Ship Weapons Level 2, Protoss Shields Level 3, Zerg Flyer Weapons Level 2, Charge, Zerg Flyer Weapons Level 1, Terran Ship Weapons Level 3, Stimpack, Protoss Shields Level 2, Zerg Missile Weapons Level 1, Zerg Ground Armor Level 2, Protoss Air Armor Level 2, Terran Ship Armor Level 2, Terran Vehicle Armor Level 3, Adrenal Glands, Resonating Glaives, Terran Ship Armor Level 1, Protoss Shields Level 1, Zerg Flyer Armor Level 1, Combat Shields, Terran Infantry Weapons Level 2, Terran Infantry Weapons Level 3, Personal Cloaking, Tunneling Claws, Terran Vehicle Weapons Level 2, Protoss Ground Weapons Level 1, Zerg Melee Weapons Level 3, Ventral Sacs, Psionic Storm, Protoss Air Armor Level 1, Blink, Zerg Missile Weapons Level 2, Neosteel Frame, Warp Gate, Corvid Reactor, Glial Reconstitution, Protoss Air Weapons Level 1, Terran Infantry Armor Level 3, Chitinous Plating  
  12  0:02  Burrow, Muscular Augments x2  
    0:16  Pathogen Glands, Behemoth Reactor, Observer Gravitic Boosters, Hi-Sec Auto Tracking, Moebius Reactor, Caduceus Reactor, Graviton Catapult, Gravitic Drive  
    0:30  Weapon Refit, Pneumatized Carapace, Concussive Shells  
    0:34  SCV x12  
    0:46  Unknown  
    0:47  SCV  
  13  0:59  SCV  
  14  1:13  Unknown x5  
Show
View Real Time Build Order
Export as new Build Order

A.I. 1 (Very Easy) Protoss 

Build Orders: Blink Stalkers 

Get SALT Encoding   

  12  0:00  Cloaking Field, Terran Infantry Armor Level 1, Zerg Melee Weapons Level 2, Enduring Locusts, Protoss Ground Armor Level 1, Terran Infantry Weapons Level 1, Terran Ship Weapons Level 1, Centrifical Hooks, Zerg Flyer Weapons Level 3, Terran Infantry Armor Level 2, Protoss Air Armor Level 3, Metabolic Boost, Durable Materials, Building Armor, Terran Vehicle Armor Level 1, Terran Vehicle Armor Level 2, Zerg Flyer Armor Level 2, Terran Vehicle Weapons Level 3, Zerg Missile Weapons Level 3, Protoss Ground Weapons Level 2, Infernal Pre-Igniter, Extended Thermal Lance, Zerg Ground Armor Level 1, Zerg Ground Armor Level 3, Terran Ship Armor Level 3, Zerg Melee Weapons Level 1, Neural Parasite, Protoss Ground Armor Level 3, Zerg Flyer Armor Level 3, Protoss Ground Weapons Level 3, Protoss Air Weapons Level 2, Terran Vehicle Weapons Level 1, Protoss Ground Armor Level 2, Protoss Air Weapons Level 3, Terran Ship Weapons Level 2, Protoss Shields Level 3, Zerg Flyer Weapons Level 2, Charge, Zerg Flyer Weapons Level 1, Terran Ship Weapons Level 3, Stimpack, Protoss Shields Level 2, Zerg Missile Weapons Level 1, Zerg Ground Armor Level 2, Protoss Air Armor Level 2, Terran Ship Armor Level 2, Terran Vehicle Armor Level 3, Adrenal Glands, Resonating Glaives, Terran Ship Armor Level 1, Protoss Shields Level 1, Zerg Flyer Armor Level 1, Combat Shields, Terran Infantry Weapons Level 2, Terran Infantry Weapons Level 3, Personal Cloaking, Tunneling Claws, Terran Vehicle Weapons Level 2, Protoss Ground Weapons Level 1, Zerg Melee Weapons Level 3, Ventral Sacs, Psionic Storm, Protoss Air Armor Level 1, Blink, Zerg Missile Weapons Level 2, Neosteel Frame, Warp Gate, Corvid Reactor, Glial Reconstitution, Protoss Air Weapons Level 1, Terran Infantry Armor Level 3, Chitinous Plating  
  12  0:02  Burrow, Muscular Augments x2  
    0:16  Pathogen Glands, Behemoth Reactor, Observer Gravitic Boosters, Hi-Sec Auto Tracking, Moebius Reactor, Caduceus Reactor, Graviton Catapult, Gravitic Drive  
    0:30  Weapon Refit, Pneumatized Carapace, Concussive Shells  
    0:36  Probe x12 (Chrono Boost)  
    0:46  Unknown  
  13  0:50  Probe (Chrono Boost)  
  13  1:00  Probe (Chrono Boost)  
  14  1:07  Pylon  
  15  1:13  Unknown x5  
Tags
 
Add a new tag
Caveats
  • Supply blocks, unpowered buildings, or Contaminate may cause inaccurate times.
  • Supply counts are checked every 10 seconds.